 Dungeon Crawl Stone Soup version 0.18-a0-965-g9200175 (webtiles) character file.

63 dvd the Scratcher (level 3, 0/15 HPs)
             Began as a Felid Transmuter on Jan 1, 2016.
             Killed by divine providence
             ... invoked by an orc priest
              (12 damage)
             ... on level 3 of the Dungeon.
             The game lasted 00:04:51 (1618 turns).

dvd the Scratcher (Felid Transmuter)                Turns: 1618, Time: 00:04:51

Health: 0/15       AC:  1    Str:  6    XL:     3   Next: 89%
Magic:  7/7        EV: 13    Int: 15    God:
Gold:   126        SH:  0    Dex: 16    Spells: 2 memorised, 3 levels left
                                        Lives:  0   Deaths: 0

rFire  . . .     SeeInvis +       - Unarmed
rCold  . . .     Gourm    .     (armour unavailable)
rNeg   . . .     Faith    .     (shield unavailable)
rPois  .         Spirit   .     (helmet unavailable)
rElec  .         Dismiss  .     (cloak unavailable)
rCorr  .         Reflect  .     (gloves unavailable)
SustAt .         Harm     .     (boots unavailable)
MR     .....                    i - amulet of regeneration
Stlth  ++........               (no ring)
                                (no ring)

@: quick, not resistant to hostile enchantments, unstealthy
A: no armour, no weapons or thrown items, claws 1, fangs 3, see invisible,
carnivore 3, speed 1, shaggy fur 1, slow metabolism 1, sharp paws
a: no special abilities


You were on level 3 of the Dungeon.
You were completely stuffed.

You visited 1 branch of the dungeon, and saw 3 of its levels.

You collected 126 gold pieces.

Inventory:

Missiles
 a - 32 arrows
Jewellery
 i - an amulet of regeneration (around neck)
Wands
 o - a wand of fireball (9/15)
Scrolls
 g - 2 scrolls of enchant weapon {unknown}
 h - a scroll of identify {unknown}
 m - a scroll of enchant armour {unknown}
 n - a scroll of recharging {unknown}
Potions
 d - 2 potions of haste {unknown}
 e - 2 potions of agility {unknown}
 j - 2 potions of brilliance {unknown}
 k - 3 potions of flight {unknown}
 l - a potion of heal wounds {unknown}
Books
 b - a book of Changes

   Spells                             Type                      Level
   a - Beastly Appendage              Transmutation                1
   b - Sticks to Snakes               Transmutation                2
   c - Spider Form                    Transmutation/Poison         3
   d - Ice Form                       Ice/Transmutation            4
   e - Blade Hands                    Transmutation                5
Comestibles
 c - a meat ration
 f - 2 chunks of flesh


   Skills:
 + Level 1.2 Fighting
 + Level 3.3 Dodging
 + Level 1.1 Stealth
 + Level 3.5 Unarmed Combat
 * Level 2.5 Spellcasting
 * Level 2.9 Transmutations


You had 3 spell levels left.
You knew the following spells:

 Your Spells              Type           Power        Failure   Level  Hunger
a - Beastly Appendage     Trmt           ##....       8%          1    #......
b - Spider Form           Trmt/Pois      #.........   34%         3    ###....


Dungeon Overview and Level Annotations

Branches:
Dungeon (3/15)

Altars:


Innate Abilities, Weirdness & Mutations

You cannot wear armour.
You are incapable of wielding weapons or throwing items.
You have sharp claws.
You have razor-sharp teeth.
You have supernaturally acute eyesight.
You are carnivorous and can eat meat at any time.
You cover ground quickly.
You are covered in fur (AC +1).
You have a slow metabolism.
Your sharp claws are effective at attacking unaware monsters.


Message History

You butcher the orc corpse.
Your transformation is almost over.
f - 2 chunks of flesh (gained 1)
You see here a hand axe.
There is a stone staircase leading down here.
You climb downwards.
There is a stone staircase leading up here.
The orc priest invokes the aid of Beogh against you.
Pain shoots through your body!
The orc shouts!
You scratch the orc priest.
The orc priest is lightly wounded.
Your horns disappear.
The orc priest barely misses you. The orc barely misses you.
The orc barely misses you.
There is a stone staircase leading up here.
The orc priest calls down the wrath of Beogh upon you.
Something smites you!
Ouch! That really hurt!
You die...

####...#
..##...#
#.##...#
#.##...#
#.##...#
#.##...#
#.###.##...##
#....oo.@...#
#####.##)......#
...##.#####.#
######.# #.# ..#
..# #..


You could see an orc priest and an orc.

Vanquished Creatures
  3 adders (D:2)
  An orc (D:2)
  2 ball pythons
  4 bats
  3 giant cockroaches (D:1)
  5 goblins
  5 hobgoblins
  A quokka (D:2)
  6 giant newts
  2 kobolds
  4 rats
36 creatures vanquished.

Notes
Turn   | Place    | Note
--------------------------------------------------------------
     0 | D:1      | dvd the Felid Transmuter began the quest for the Orb.
     0 | D:1      | Reached XP level 1. HP: 9/9 MP: 4/4
   235 | D:1      | Reached XP level 2. HP: 12/12 MP: 4/6
   950 | D:2      | Reached XP level 3. HP: 10/15 MP: 5/7
   955 | D:2      | Learned a level 3 spell: Spider Form
  1595 | D:3      | Reached skill level 1 in Stealth
  1618 | D:3      | Killed from afar by an orc priest

Vault maps used:
D:1:      zelgadis_glass_arrival_small, serial_bayou_lagoon_b
D:3:      johnstein_pakellas_death_squad, minitemple, uniq_natasha,
          uniq_crazy_yiuf_cottage

Action                   || total
-------------------------++-------
Melee: Unarmed           ||    78
 Cast: Beastly Appendage ||    24
 Stab: Sleeping          ||     6
  Eat: Chunk             ||     9
